 Dungeon Crawl Stone Soup version 0.29.1-1-gd02db6906a (webtiles) character file.

Game seed: 13326448857644620187

106428 Colgate the Gelid (level 16, 0/128 (133) HPs)
             Began as a Barachi Ice Elementalist on Oct 11, 2022.
             Was the Champion of Ru.
             Engulfed by a death drake's foul pestilence (7 damage)
             ... on level 2 of the Abyss.
             The game lasted 02:37:48 (51066 turns).

Colgate the Gelid (Barachi Ice Elementalist)       Turns: 51066, Time: 02:37:48

HP:   0/128 (133)   AC: 11    Str: 11      XL:     16   Next: 44%
MP:   25/33         EV: 14    Int: 23      God:    Ru [******]
Gold: 3356          SH:  0    Dex: 11 (12) Spells: 19/41 levels left

rFire   x . .      SeeInvis .   a - +9 scimitar (flame)
rCold   + . .      Faith    .   (shield unavailable)
rNeg    . . .      Spirit   .   E - +0 robe {Archmagi}
rPois   .          Reflect  .   H - +0 helmet
rElec   .          Harm     .   x - +2 cloak
rCorr   .          Rampage  .   I - +2 pair of gloves
Will    +....      Archmagi +   r - +1 pair of boots
Stlth   ..........              g - amulet of magic regeneration
HPRegen 0.00/turn               (ring unavailable)
MPRegen 0.63/turn               C - ring of ice

@: lethally poisoned (0 -> -59), exhausted, unable to hop, freezing walls, sick,
lightly drained, slow
A: amphibious, slowness 1, missing a hand, no stealth, hated by all, inability
to train armour, strong legs 2, +LOS, [deterioration 1]
a: Hop, Renounce Religion, Draw Out Power, Power Leap, Apocalypse


You were on level 2 of the Abyss.
You worshipped Ru.
Ru was exalted by your worship.
You visited 4 branches of the dungeon, and saw 22 of its levels.
You visited the Abyss 1 time.
You also visited: Ice Cave.

You collected 3873 gold pieces.
You spent 517 gold pieces at shops.

Inventory:

Hand Weapons
 a - a +9 scimitar of flaming (weapon)
 b - the +5 war axe "Piabb" {speed, *Noise rCorr Int+3 Dex+7}
   (You found it on level 4 of the Lair of Beasts)

   Attacks with this weapon are significantly faster.
   Int:       It affects your intelligence (+3).
   Dex:       It affects your dexterity (+7).
   *Noise:    It may make noises in combat.
   rCorr:     It protects you from acid and corrosion.
 O - a +1 sling of freezing
 Q - the +6 long sword "Noufoask" {holy, rF+++}
   (You found it on level 13 of the Dungeon)

   It has been blessed by the Shining One to cause great damage to the undead
   and demons.
   rF:        It renders you almost immune to fire.
Missiles
 M - 2 throwing nets {!f}
Armour
 r - a +1 pair of boots (worn)
 x - a +2 cloak (worn)
 E - a +0 robe of the Archmagi (worn)
 H - a +0 helmet (worn)
 I - a +2 pair of gloves (worn)
Jewellery
 f - the ring "Curorogi" {rF- EV+4 Int+5}
   (You took it off an orc warrior on level 12 of the Dungeon)

   [ring of evasion]

   EV:        It affects your evasion (+4).
   Int:       It affects your intelligence (+5).
   rF:        It makes you vulnerable to fire.
 g - an amulet of magic regeneration (around neck)
 k - a ring of positive energy
 B - a ring of resist corrosion
 C - a ring of ice (right hand)
 D - a ring of poison resistance
 P - a +4 ring of evasion
 V - a ring of fire
Wands
 d - a wand of roots (20) {@v2}
 s - a wand of mindburst (32)
 N - a wand of flame (30)
 S - a wand of digging (5) {@v3}
 T - a wand of light (8) {@v1}
 Z - a wand of polymorph (2)
Scrolls
 e - a scroll of amnesia {unknown}
 i - 5 scrolls of blinking {@r4}
 j - 3 scrolls of poison
 p - 7 scrolls of immolation
 t - 9 scrolls of fear
 u - a scroll of enchant weapon
 w - 4 scrolls of teleportation {@r3}
 y - 2 scrolls of magic mapping {@r5}
 F - 3 scrolls of butterflies {unknown}
 K - a scroll of vulnerability {unknown}
 X - a scroll of torment {unknown}
Potions
 h - 6 potions of might {@q3}
 l - 6 potions of attraction
 m - 8 potions of heal wounds {@q2}
 n - 6 potions of brilliance
 o - 3 potions of berserk rage
 q - a potion of resistance {@q5}
 v - 2 potions of flight
 z - 7 potions of haste {@q4}
 A - 7 potions of curing {@q1}
 G - 4 potions of mutation {unknown}
 J - 3 potions of ambrosia {unknown}
 L - 2 potions of magic
 R - a potion of degeneration {unknown}
 W - 2 potions of lignification {unknown}
Miscellaneous
 c - a piece from Xom's chessboard (15/15)
 U - a tin of tremorstones (1/2)
 Y - a phial of floods


   Skills:
 - Level 14.0 Fighting
 - Level 7.8 Dodging
 - Level 13.0 Spellcasting
 - Level 3.2 Conjurations
 + Level 11.7 Transmutations
 - Level 7.2 Fire Magic
 - Level 17.0 Ice Magic
 - Level 10.0 Air Magic
 - Level 10.0 Evocations


You had 19 spell levels left.
You knew the following spells:

 Your Spells              Type           Power      Damage    Failure   Level
a - Freeze                Ice            100%       1d11      0%          1
b - Frozen Ramparts       Ice            100%       1d16      0%          3
c - Ozocubu's Armour      Ice            100%       N/A       0%          3
d - Hailstorm             Conj/Ice       95%        3d19      1%          4
e - Ozocubu's Refrigerat  Ice            59%        4d20      3%          7
f - Ice Form              Ice/Tmut       100%       N/A       1%          4

Your spell library contained the following spells:

 Spells                   Type           Power      Damage    Failure   Level
 Magic Dart               Conj           100%       1d8       1%          1
 Ensorcelled Hibernation  Hex/Ice        100%       N/A       1%          2
 Poisonous Vapours        Pois/Air       100%       N/A       1%          2
 Searing Ray              Conj           88%        2d7       1%          2
 Mephitic Cloud           Conj/Pois/Air  52%        N/A       1%          3
 Apportation              Tloc           44%        N/A       4%          1
 Necrotise                Necr           88%        1d8       4%          1
 Alistair's Intoxication  Tmut/Pois      38%        N/A       11%         5
 Yara's Violent Unravell  Hex/Tmut       29%        3d12      11%         5
 Confusing Touch          Hex            22%        N/A       12%         3
 Portal Projectile        Hex/Tloc       44%        N/A       12%         3
 Fulminant Prism          Conj/Hex       16%        3d11      22%         4
 Leda's Liquefaction      Hex/Erth       11%        N/A       38%         4
 Olgreb's Toxic Radiance  Pois           22%        N/A       38%         4
 Eringya's Noxious Bog    Tmut/Pois      29%        N/A       50%         6
 Statue Form              Tmut/Erth      38%        N/A       50%         6
 Borgnjor's Vile Clutch   Necr/Erth      11%        N/A       75%         5
 Lee's Rapid Deconstruct  Erth           11%        3d9*      75%         5
 Dispersal                Tloc           11%        N/A       99%         6
 Enfeeble                 Hex            11%        N/A       100%        7
 Disjunction              Tloc           11%        N/A       100%        8
 Ignition                 Fire           32%        3d10      100%        8
 Summon Small Mammal      Summ           Unusable   N/A       N/A         1
 Call Imp                 Summ           Unusable   N/A       N/A         2

Dungeon Overview and Level Annotations

Branches:
Dungeon (14/15)            Temple (1/1) D:6            Lair (5/5) D:11
 Shoals (0/4) Lair:2       Spider (0/4) Lair:3        Slime (0/5) Lair:5
    Orc (2/2) D:10            Elf (0/3) Orc:2         IceCv (visited)
 Vaults: D:13-14

Altars:
Ashenzari
Cheibriados
Dithmenos
Elyvilon
Gozag
Kikubaaqudgha
Makhleb
Nemelex Xobeh
Okawaru
Qazlal
Ru
Sif Muna
Trog
Uskayaw
Vehumet
Wu Jian
Xom
Zin
The Shining One

Shops:
D:5 [   D:6 *   D:7 [   D:11 =   Orc:2 (*[:

Annotations:
D:13 exclusion: 4 oklob plants
Lair:2 2 transporters, LabCoat's ghost, journeyman HOFi


Innate Abilities, Weirdness & Mutations

You are amphibious.
You cover ground slowly.
You are missing a hand.
You cannot be stealthy.
You are hated by all.
You cannot train Armour skill.
You can hop long distances.
You have an extended range of vision and can be seen from far away.
[Your body sometimes deteriorates upon taking damage.]


Message History

You redirect the vampire mosquito's attack!
The vampire mosquito barely misses itself.
You feel sick.
The death drake begins to attack, but is stunned by your conviction!
You feel sick.
You feel sick.
You are too injured to fight recklessly!
Unknown command.
Here: a death drake (severely wounded)
The floor.
Casting: Frozen Ramparts (safe; 0% risk of failure)
Casting: Frozen Ramparts (safe; 0% risk of failure)
You feel a strong surge of power!
The walls around you are covered in ice.
You feel sick.
You are no longer poisoned.
The wall freezes the death drake.
The death drake breathes miasma at you. The foul vapour misses you.
Okay, then.
Your +9 scimitar of flaming bursts into flame!
a - a +9 scimitar of flaming (weapon)
You are engulfed in dark miasma.
You are poisoned.
* * * LOW HITPOINT WARNING * * *
You feel sick.
The wall freezes the death drake.
The death drake barely misses you.
You hit the death drake. You burn the death drake.
You are engulfed in dark miasma.
You are lethally poisoned!
* * * LOW HITPOINT WARNING * * *
x2 You feel extremely sick.
You focus your inner power and blind the death drake in retribution!
The wall freezes the death drake.
The death drake seems to slow down.
The death drake closely misses you.
The wall freezes the death drake.
The death drake is stunned by your conviction and fails to attack.
The wall freezes the scorpion but does no damage.
You closely miss the death drake.
You are engulfed in dark miasma.
You are more poisoned.
You die...

. ... #. ... .
#†#..# . ...#
.. #.#.. ####
.....#..#
#.ss#..# ######
...#.ys #.
#..#°## ..
.syy##.##k.#@°#
# #..
#yy##.s.sk### .
. . #†#s##### .
....#†s°° .# .
# . ### °####
##.....# ..° ..
. .# ..°°#
..#... .
#..##.# ......#
.... .


You could see a death drake (blind, slow) and 3 scorpions.

Vanquished Creatures
  Rupert (Lair:5)
  A sphinx (D:13)
  A tentacled starspawn (Abyss:2)
  A fire giant (D:12)
  2 orc warlords (Orc:2)
  A very ugly thing (D:14)
  Josephine (D:13)
  A fire dragon (D:13)
  2 vault guards (D:14)
  A hydra (D:12)
  5 boulder beetles
  2 ogre magi (D:12)
  6 catoblepae
  A death knight (D:13)
  5 centaur warriors
  6 death yaks (Lair:5)
  7 two-headed ogres
  Erica (Orc:1)
  2 tengu warriors (D:14)
  An orc high priest (Orc:2)
  A vampire mage (Abyss:2)
  A wretched star (Abyss:2)
  Urug (D:13)
  Nergalle (Orc:2)
  Lodul (D:10)
  5 deep elf pyromancers
  3 orc knights (Orc:2)
  18 ugly things
  3 orc sorcerers
  9 cyclopes
  A mana viper (shapeshifter) (D:13)
  6 manticores
  17 elephants
  Joseph (D:9)
  5 black mambas
  A torpor snail (Lair:4)
  A smoke demon (Abyss:2)
  Maurice (Orc:2)
  3 gargoyles (D:12)
  3 rime drakes
  An unseen horror (D:12)
  10 cane toads
  Psyche (D:10)
  A kobold demonologist (D:12)
  2 yaktaurs
  4 komodo dragons
  2 efreet
  3 ancient zymes (Abyss:2)
  5 polar bears
  3 meliai (D:13)
  A queen bee (D:13)
  A tarantella (Lair:3)
  10 trolls
  2 hornets (Abyss:2)
  Grinder (D:3)
  4 slime creatures (D:12)
  4 blink frogs (Lair:4)
  A jumping spider (shapeshifter) (D:14)
  4 shadows
  Sigmund (D:3)
  3 centaur simulacra
  2 vampires
  10 wraiths
  48 yaks
  3 wyverns
  Grum (D:9)
  2 basilisks
  A steam dragon (D:6)
  A human (D:14)
  12 vampire mosquitoes
  A large abomination (Abyss:2)
  2 wargs
  22 water moccasins
  A swamp worm (shapeshifter) (D:13)
  2 acid dragons
  An ice beast (D:5)
  2 sky beasts
  29 orc warriors
  6 black bears
  15 ogres
  17 wolves
  An ogre (shapeshifter) (D:13)
  4 centaurs
  3 phantoms
  5 kobold brigands
  14 bullfrogs
  The ghost of kalagan the Conjurer, an amateur DECj (D:3)
  A small abomination (Abyss:2)
  2 necrophages
  10 scorpions
  2 gnoll sergeants
  2 wights (D:7)
  56 killer bees
  An electric eel (Lair:3)
  A vampire bat (Lair:4)
  5 howler monkeys
  A howler monkey (shapeshifter) (D:13)
  2 quasits (D:10)
  2 hounds (D:6)
  16 orc priests
  Crazy Yiuf (D:2)
  A gnoll bouda (D:9)
  A jelly (D:8)
  Terence (D:2)
  Jessica (D:2)
  2 iguanas
  Natasha (thrice) (D:2)
  32 orc wizards
  A hound skeleton (D:8)
  14 gnolls
  17 adders
  3 worms (D:2)
  2 dart slugs
  76 orcs
  7 endoplasms
  2 giant cockroaches (D:1)
  5 goblins
  7 hobgoblins
  4 quokkas
  7 ball pythons
  14 bats
  4 frilled lizards
  23 kobolds
  4 rats
  A bush (Lair:4)
  A butterfly (Lair:3)
  4 starspawn tentacles (Abyss:2)
739 creatures vanquished.

Vanquished Creatures (others)
  A tengu reaver (D:13)
  A blizzard demon (Abyss:2)
  A centaur warrior (D:13)
  A death yak (Lair:5)
  A large abomination (Abyss:2)
  A polar bear (Lair:5)
  A wraith (D:10)
  A water moccasin (Lair:3)
  An ogre (D:10)
  An orc wizard (D:9)
  An orc (D:4)
  12 demonic plants
  81 fungi
  144 plants
248 creatures vanquished.

Grand Total: 987 creatures vanquished

Notes
Turn   | Place    | Note
-------+----------+-------------------------------------------
     0 | D:1      | Colgate the Barachi Ice Elementalist began the quest for
                  | the Orb.
     0 | D:1      | Reached XP level 1. HP: 13/13 MP: 3/3
   186 | D:1      | Reached skill level 5 in Ice Magic
   269 | D:1      | Reached XP level 2. HP: 19/19 MP: 0/5
   389 | D:1      | Found a faded altar of an unknown god.
   396 | D:1      | Prayed at the altar of an unknown god.
   396 | D:1      | Became a worshipper of Ru the Awakened
   397 | D:1      | Gained mutation: You are hated by all. [Ru sacrifice]
   397 | D:1      | Reached * piety under Ru
   397 | D:1      | Reached ** piety under Ru
   906 | D:1      | Reached XP level 3. HP: 24/24 MP: 3/6
   910 | D:1      | Reached skill level 6 in Ice Magic
   975 | D:1      | Learned a level 3 spell: Frozen Ramparts
  1556 | D:2      | Noticed Terence
  1568 | D:2      | Killed Terence
  1569 | D:2      | Reached XP level 4. HP: 5/30 MP: 7/7
  1574 | D:2      | Learned a level 3 spell: Ozocubu's Armour
  1926 | D:2      | Reached skill level 7 in Ice Magic
  2044 | D:2      | Noticed Natasha
  2064 | D:2      | Killed Natasha
  2065 | D:2      | Reached XP level 5. HP: 35/35 MP: 8/8
  2190 | D:2      | Noticed Natasha
  2500 | D:2      | Found a runed translucent door.
  2501 | D:2      | Noticed Crazy Yiuf
  2552 | D:2      | Noticed Jessica
  2561 | D:2      | Killed Jessica
  2562 | D:2      | Reached skill level 8 in Ice Magic
  2695 | D:2      | Killed Natasha
  2862 | D:2      | Killed Crazy Yiuf
  2863 | D:2      | Reached XP level 6. HP: 31/41 MP: 9/9
  3072 | D:2      | Noticed Natasha
  3079 | D:2      | Killed Natasha
  3551 | D:3      | Found a transporter.
  3555 | D:3      | Noticed kalagan's ghost (amateur DECj)
  3556 | D:3      | Found a transporter.
  3585 | D:3      | Noticed Sigmund
  3682 | D:3      | Noticed Grinder
  3688 | D:3      | Reached skill level 9 in Ice Magic
  3700 | D:3      | Killed Grinder
  3701 | D:3      | Reached skill level 10 in Ice Magic
  3701 | D:3      | Reached XP level 7. HP: 20/46 MP: 10/10
  4279 | D:3      | Gained mutation: You are missing a hand. [Ru sacrifice]
  4279 | D:3      | Reached *** piety under Ru
  4279 | D:3      | Reached **** piety under Ru
  4279 | D:3      | Reached ***** piety under Ru
  4333 | D:3      | Killed Sigmund
  4980 | D:4      | Reached skill level 11 in Ice Magic
  5160 | D:5      | Entered Level 5 of the Dungeon
  5171 | D:5      | Reached XP level 8. HP: 47/52 MP: 12/12
  5176 | D:5      | Learned a level 4 spell: Hailstorm
  5251 | D:5      | Found Itagu's Antique Armour Shoppe.
  5378 | D:5      | Bought an embroidered cloak for 157 gold pieces
  5526 | D:5      | Reached skill level 1 in Fighting
  6169 | D:5      | Found an ancient bone altar of Kikubaaqudgha.
  6343 | D:6      | Found a staircase to the Ecumenical Temple.
  6353 | Temple   | Entered the Ecumenical Temple
  6469 | D:6      | Found a radiant altar of Vehumet.
  6509 | D:6      | Reached skill level 5 in Fighting
  6637 | D:6      | Found Gumiwab's Elemental Accessories.
  6750 | D:6      | Gained mutation: You cannot train Armour skill. [Ru
                  | sacrifice]
  6963 | D:6      | Reached XP level 9. HP: 71/71 MP: 13/13
  8005 | D:7      | Noticed a cyclops
  8606 | D:7      | Found Vekom's Antique Armour Shop.
  8636 | D:7      | Reached skill level 10 in Fighting
  8847 | D:7      | Reached skill level 5 in Dodging
  9096 | D:7      | Reached XP level 10. HP: 86/86 MP: 14/14
  9356 | D:7      | Noticed a cyclops
  9496 | D:7      | Killed a cyclops
  9522 | D:7      | Noticed a boulder beetle
  9585 | D:7      | Killed a boulder beetle
 10163 | D:7      | Killed a cyclops
 10956 | D:8      | Gained mutation: You cannot be stealthy. [Ru sacrifice]
 10956 | D:8      | Reached ****** piety under Ru
 11323 | D:8      | Found a burning altar of Makhleb.
 11856 | D:9      | Noticed Joseph
 12010 | D:9      | Killed Joseph
 12159 | D:9      | Reached XP level 11. HP: 100/100 MP: 15/15
 12278 | D:9      | Noticed Grum
 12297 | D:9      | Killed Grum
 12859 | D:9      | Reached skill level 12 in Ice Magic
 13364 | D:10     | Entered Level 10 of the Dungeon
 13548 | D:10     | Found a staircase to the Orcish Mines.
 13665 | D:10     | Noticed Lodul
 13689 | D:10     | Killed Lodul
 13690 | D:10     | Reached skill level 13 in Ice Magic
 14181 | D:10     | Reached skill level 14 in Ice Magic
 14337 | D:10     | Noticed a brown ugly thing
 14342 | D:10     | Killed a brown ugly thing
 14852 | D:10     | Noticed Psyche
 14871 | D:10     | Killed Psyche
 15110 | D:11     | Reached skill level 15 in Ice Magic
 15192 | D:11     | Reached XP level 12. HP: 82/107 MP: 10/16
 15328 | D:11     | Found a staircase to the Lair.
 15645 | D:11     | Noticed a two-headed ogre
 15653 | D:11     | Killed a two-headed ogre
 15654 | D:11     | Reached skill level 16 in Ice Magic
 15768 | D:11     | Found Irauky's Jewellery Boutique.
 15782 | D:11     | Bought an amulet of reflection for 360 gold pieces
 15793 | D:11     | Noticed a two-headed ogre
 15797 | D:11     | Killed a two-headed ogre
 15806 | D:11     | Learned a level 7 spell: Ozocubu's Refrigeration
 15910 | D:11     | Noticed a two-headed ogre
 15912 | D:11     | Killed a two-headed ogre
 16034 | D:11     | Noticed a two-headed ogre
 16060 | D:11     | Killed a two-headed ogre
 16782 | Lair:1   | Entered Level 1 of the Lair of Beasts
 17015 | Lair:1   | Reached skill level 17 in Ice Magic
 17275 | Lair:1   | Reached skill level 5 in Spellcasting
 18078 | Lair:2   | Identified the +1 rapier "Jellyslayer" {flame, Dex+6}
 18129 | Lair:2   | Found a transporter.
 18131 | Lair:2   | Noticed LabCoat's ghost (journeyman HOFi)
 18133 | Lair:2   | Found a transporter.
 18587 | Lair:1   | Gained mutation: You can hop long distances. [Barachi
                  | growth]
 18587 | Lair:1   | Reached XP level 13. HP: 99/113 MP: 5/25
 19124 | Lair:2   | Found a staircase to the Shoals.
 19470 | D:5      | Found Itagu's Antique Armour Shoppe.
 19642 | D:5      | Found an ancient bone altar of Kikubaaqudgha.
 19853 | D:3      | Killed kalagan's ghost
 20229 | Lair:3   | Found a hole to the Spider Nest.
 20593 | Lair:3   | Reached skill level 10 in Spellcasting
 22287 | Lair:4   | Identified the +5 war axe "Piabb" {speed, *Noise rCorr
                  | Int+3 Dex+7}
 22866 | Lair:5   | Entered Level 5 of the Lair of Beasts
 23896 | Lair:5   | Found a staircase to the Slime Pits.
 24408 | Lair:5   | Reached skill level 1 in Evocations
 25805 | Lair:5   | Reached XP level 14. HP: 120/120 MP: 23/31
 25978 | Lair:5   | Reached skill level 5 in Evocations
 26228 | Lair:5   | Noticed Rupert
 26369 | Lair:5   | Killed Rupert
 29468 | Lair:5   | Found a staircase to the Slime Pits.
 30148 | Orc:1    | Entered Level 1 of the Orcish Mines
 31126 | Orc:2    | Entered Level 2 of the Orcish Mines
 31128 | Orc:2    | Noticed Maurice
 31160 | Orc:2    | Killed Maurice
 31161 | Orc:2    | Reached skill level 10 in Evocations
 31293 | Orc:1    | Reached skill level 1 in Fire Magic
 34392 | Orc:2    | Noticed Nergalle
 34394 | Orc:2    | Killed Nergalle
 35304 | Orc:2    | Noticed an orc warlord
 35749 | Orc:2    | Found a staircase to the Elven Halls.
 35868 | Orc:1    | Noticed Erica
 35870 | Orc:1    | Killed Erica
 35871 | Orc:1    | Reached skill level 5 in Fire Magic
 37067 | Orc:2    | Killed an orc warlord
 37312 | Orc:2    | Noticed an orc warlord
 37777 | Orc:2    | Killed an orc warlord
 37957 | Orc:2    | Found Komuad's Antique Armour Shop.
 37984 | Orc:2    | Found Atanair's Book Shop.
 38107 | Orc:2    | Found a shimmering altar of Xom.
 38188 | Orc:2    | Found Wykhlaeno's Antique Weapon Shop.
 38204 | Orc:2    | Found Lasku's General Store.
 38620 | D:12     | Reached skill level 1 in Transmutations
 38916 | D:12     | Reached skill level 1 in Air Magic
 39160 | D:12     | Reached XP level 15. HP: 104/121 MP: 2/32
 39629 | D:12     | Noticed a fire giant
 39719 | D:12     | Killed a fire giant
 40184 | D:12     | Reached skill level 5 in Air Magic
 40843 | D:12     | Reached skill level 5 in Transmutations
 42170 | D:12     | Identified the +4 leather armour of Understanding {Rampage
                  | Stlth+}
 42170 | D:12     | Identified the ring "Curorogi" {rF- EV+4 Int+5}
 43243 | D:12     | Got the Almanac of Bewitching Frostbite
 43829 | D:12     | Got Idghot's Parchment of Congelation and Poison
 44129 | D:12     | Found a hide-covered altar of Uskayaw.
 44802 | D:12     | Found a hide-covered altar of Uskayaw.
 47072 | D:13     | Identified the +6 long sword "Noufoask" {holy, rF+++}
 47249 | D:13     | Noticed a tengu reaver
 47260 | D:13     | Killed a tengu reaver
 47480 | D:13     | Noticed Josephine
 47487 | D:13     | Killed Josephine
 47491 | D:13     | Noticed a sphinx
 47508 | D:13     | Killed a sphinx
 48483 | D:13     | Learned a level 4 spell: Ice Form
 48554 | D:13     | Noticed Urug
 48557 | D:13     | Killed Urug
 48558 | D:13     | Reached XP level 16. HP: 133/133 MP: 13/33
 49141 | D:14     | Reached skill level 10 in Transmutations
 49241 | D:14     | Found a frozen archway.
 49281 | IceCv    | Entered an ice cave
 50582 | D:14     | Reached skill level 10 in Air Magic
 50746 | Abyss:2  | Cast into level 2 of the Abyss (a wizard)
 50982 | Abyss:2  | Noticed a tentacled starspawn
 51021 | Abyss:2  | Noticed a tentacled starspawn
 51034 | Abyss:2  | Killed a tentacled starspawn
 51066 | Abyss:2  | Engulfed by a death drake's foul pestilence

Illustrated notes

Levels and vault maps discovered:
D:1:      tarquinn_simple_flora_water_d, layout_loops_ring,
          shapermc_ecumenical_altar_gd, minmay_tall_x
D:2:      layout_rooms, kennysheep_pointless_box, kennysheep_jessica_study,
          uniq_crazy_yiuf_cottage, uniq_natasha, uniq_terence
D:3:      layout_basic, gammafunk_ghost_arena, kennysheep_boxes, uniq_grinder,
          uniq_sigmund, uniq_jessica
D:4:      layout_basic, chequers_garden, feat_on_display
D:5:      layout_cave_pools, nicolae_kikubaaqudgha_miasma_corner,
          lemuel_doored_altar, serial_shops,
          nicolae_shop_temple_entry_statues_fountains
D:6:      layout_gridville, lemuel_crystal_altar, temple_statues,
          nicolae_elemental_shop, grunt_ministairs_14
D:7:      nzn_winding_woodlands_cross [nzn_winding_woodlands_5x15_cabin,
          nzn_winding_woodlands_5x15_sidewinder,
          nzn_winding_woodlands_5x15_jagged, nzn_winding_woodlands_5x15_twine,
          nzn_winding_woodlands_15x15_five_gardens], layout_loops_corners,
          serial_shops, shop
D:8:      layout_basic, makhleb_blood_cavern_becter, serial_co_window_serial,
          co_window_paths_a, co_window_corner_a, co_window_paths_b,
          co_window_of_opportunity_a, co_window_paths_b, co_window_paths_a,
          co_window_corner_a, co_window_corner_b, co_window_2corner,
          co_window_unsneaky_path_c, co_window_paths_e, glass_columns_c,
          glass_columns_c, glass_columns_b, glass_columns_a
D:9:      layout_irregular_city, uniq_joseph, uniq_grum
D:10:     layout_roguey, orc_0_dummy, serial_demonic, serial_demonic_d,
          serial_demonic_b, serial_demonic_e, serial_demonic_b,
          nicolae_figureground_sparkle, uniq_psyche, uniq_lodul
D:11:     layout_cave_pods, due_lair_maze_entry_diamond, serial_shops, shop
D:12:     minmay_the_grid_square_5x5_4x4 [minmay_the_grid_square_5x5_minibox,
          minmay_the_grid_square_5x5_checkered_sparse,
          minmay_the_grid_square_5x5_checkered,
          minmay_the_grid_square_5x5_dogpile, minmay_the_grid_square_5x5_c,
          minmay_the_grid_square_5x5_prize_open,
          minmay_the_grid_square_5x5_prize_monsterx,
          minmay_the_grid_square_5x5_trominoes,
          minmay_the_grid_square_5x5_minimal,
          minmay_the_grid_square_5x5_prize_rear_guard,
          minmay_the_grid_square_5x5_prize_gold,
          minmay_the_grid_square_5x5_percent, minmay_the_grid_square_5x5_inset,
          minmay_the_grid_square_5x5_inner_i,
          minmay_the_grid_square_5x5_broken_cross,
          minmay_the_grid_square_5x5_six], layout_basic,
          eat_drink_and_be_merry_uskayaw
D:13:     hangedman_what_comes_after_a, layout_cave_pods, drop_trap, uniq_urug,
          uniq_josephine
D:14:     layout_roguey [special_room_mythical_zoo],
          grunt_vaults_entry_fortified, hangedman_decor_riveting,
          portal_ice_cave_entry_ugly_swarm
Temple:   compressed_dpeg_circular_temple
Lair:1:   layout_chaotic_city, serial_bayou_shore_b
Lair:2:   layout_big_grid, elwin_shoals_entry_rocks, gammafunk_ghost_arena,
          grunt_megastairs_1
Lair:3:   lemuel_reptile_caves, layout_loops_ring, spider_nest_entry_rubble,
          lemuel_fruit_fields, lemuel_fruit_fields, serial_bayou_shore_b
Lair:4:   layout_roguey, roderic_batcave
Lair:5:   evilmike_catoblepas_cave, layout_cave_pods, slime_entry_1, uniq_rupert
Orc:1:    layout_caves, basic_altar, uniq_erica
Orc:2:    grunt_orc_cross, layout_caves, basic_altar, uniq_maurice
Abyss:2:  base: Lair:2, hangedman_abyss_monster_moat

Skill      XL: |  1  2  3  4  5  6  7  8  9 10 11 12 13 14 15 16 |
---------------+-------------------------------------------------+-----
Ice Magic      | 5 6 7 8 10 11 15 17 | 17.0
Spellcasting   | 3 8 13 | 13.0
Conjurations   | 3 |  3.2
Fighting       | 6 10 14 | 14.0
Dodging        | 6 7 |  7.8
Stealth        | 0 |  0.0
Evocations     | 4 10 | 10.0
Fire Magic     | 7 |  7.2
Transmutations | 2 9 11 | 11.7
Air Magic      | 2 9 10 | 10.0

Action                   |  1- 3 |  4- 6 |  7- 9 | 10-12 | 13-15 | 16-18 || total
-------------------------+-------+-------+-------+-------+-------+-------++-------
Melee: Dagger            |    18 |     9 |    41 |    10 |       |       ||    78
       Quarterstaff      |       |     4 |       |       |       |       ||     4
       Punch             |       |     1 |       |       |       |       ||     1
       Short sword       |       |       |    23 |   173 |    80 |       ||   276
       Sling             |       |       |       |     1 |       |       ||     1
       War axe           |       |       |       |       |    14 |     1 ||    15
       Scimitar          |       |       |       |       |    21 |    10 ||    31
       Unarmed           |       |       |       |       |       |    44 ||    44
 Fire: Sling             |       |       |       |   147 |    36 |       ||   183
 Cast: Freeze            |    43 |    19 |    55 |    75 |    12 |     7 ||   211
       Frozen Ramparts   |     1 |    15 |    34 |    55 |    26 |     2 ||   133
       Ozocubu's Armour  |       |     3 |     7 |    21 |    13 |     3 ||    47
       Hailstorm         |       |       |    26 |    67 |    27 |     7 ||   127
       Ozocubu's Refrige |       |       |       |    22 |   427 |    58 ||   507
       Ice Form          |       |       |       |       |       |     4 ||     4
Invok: Sacrifice Love    |     1 |       |       |       |       |       ||     1
       Power Leap        |       |       |     8 |     2 |     1 |     1 ||    12
       Sacrifice a Hand  |       |       |     1 |       |       |       ||     1
       Sacrifice Durabil |       |       |     1 |       |       |       ||     1
       Apocalypse        |       |       |       |     3 |     1 |       ||     4
       Sacrifice Stealth |       |       |       |     1 |       |       ||     1
       Draw Out Power    |       |       |       |     1 |     3 |     1 ||     5
 Abil: Hop               |       |       |     3 |    12 |    11 |     3 ||    29
       End Transformatio |       |       |       |       |       |     1 ||     1
Evoke: Wand              |       |       |       |       |     5 |     1 ||     6
       Tin of tremorston |       |       |       |       |     1 |     1 ||     2
  Use: Scroll            |       |     6 |     3 |     7 |     9 |     1 ||    26
       Potion            |       |       |       |     1 |       |       ||     1
 Stab: Sleeping          |     3 |       |     3 |       |       |       ||     6
       Paralysed         |       |     6 |       |    13 |       |       ||    19
       Invisible         |       |       |     1 |     1 |     1 |       ||     3
       Distracted        |       |       |       |       |     1 |     1 ||     2
Armor: Robe              |     6 |     3 |    23 |    36 |    77 |    13 ||   158
       Steam dragon scal |       |       |    15 |    34 |       |       ||    49
       Skin              |       |       |       |     5 |       |    27 ||    32
Dodge: Dodged            |    31 |    15 |    55 |   159 |   172 |    56 ||   488
Block: Other             |       |       |       |    17 |    45 |       ||    62
       Reflection        |       |       |       |       |     3 |       ||     3
